 Dungeon Crawl Stone Soup version 0.31-a0-997-g9a2f3ffc92 (webtiles) character file.

Game seed: 10463327931097981033

3085 Dirtsage the Cleaver (level 9, -2/99 HPs)
             Began as a Demonspawn Berserker on Nov 7, 2023.
             Was an Elder of Trog.
             Killed from afar by an orc (15 damage)
             ... with a bolt of acid
             ... on level 7 of the Dungeon.
             The game lasted 00:09:04 (6093 turns).

Dirtsage the Cleaver (Demonspawn Berserker)         Turns: 6093, Time: 00:09:04

Health: -2/99      AC: -2    Str: 22    XL:     9   Next: 58%
Magic:  0/9        EV: 10    Int:  9    God:    Trog [****..]
Gold:   318        SH:  0    Dex: 12    Spells: 8/8 levels left

rFire   . . .        k - +0 war axe
rCold   . . .        (no shield)
rNeg    + . .        e - +0 scale mail
rPois   .            (no helmet)
rElec   .            s - scarf {repulsion}
rCorr   .            (no gloves)
SInv    .            q - +0 pair of boots
Will    .....        j - amulet of guardian spirit Stlth
                     N - ring of positive energy
HPRegen 0.36/turn    (no ring)
MPRegen 0.11/turn

%: repel missiles, guardian spirit
@: berserking, corroded, very quick
A: rugged brown scales 2, foul stench 1
a: Renounce Religion, Berserk, Trog's Hand, Brothers in Arms


You were on level 7 of the Dungeon.
You worshipped Trog.
Trog was greatly pleased with you.
You visited 2 branches of the dungeon, and saw 8 of its levels.
You also visited: Ossuary.

You collected 318 gold pieces.

Inventory:

Hand Weapons
 a - a +0 hand axe
 k - a +0 war axe (weapon)
Armour
 b - a +0 animal skin
 e - a +0 scale mail (worn)
 q - a +0 pair of boots (worn)
 s - a scarf of repulsion (worn)
Jewellery
 j - an amulet of guardian spirit (around neck)
 N - a ring of positive energy (left hand)
Scrolls
 d - 6 scrolls of teleportation {unknown}
 f - 8 scrolls of identify {unknown}
 i - 3 scrolls of vulnerability {unknown}
 l - a scroll of silence {unknown}
 m - a scroll of fear {unknown}
 p - 2 scrolls of revelation {unknown}
 r - a scroll of poison {unknown}
 u - 2 scrolls of summoning {unknown}
 v - 2 scrolls of brand weapon {unknown}
 x - 4 scrolls of fog {unknown}
 y - 2 scrolls of enchant weapon {unknown}
 A - a scroll of enchant armour {unknown}
 D - 2 scrolls of torment {unknown}
Potions
 c - 2 potions of cancellation {unknown}
 g - 3 potions of heal wounds {unknown}
 h - 3 potions of might {unknown}
 n - 8 potions of curing {unknown}
 o - a potion of degeneration {unknown}
 t - a potion of haste {unknown}
 w - a potion of brilliance {unknown}
 z - a potion of mutation {unknown}
 B - a potion of resistance {unknown}
 C - a potion of magic {unknown}


   Skills:
 - Level 3.0 Fighting
 + Level 12.6 Axes
 - Level 1.7 Armour
 - Level 1.7 Dodging


You had 8 spell levels left.
You didn't know any spells.
Your spell library contained the following spells:

 Spells                   Type           Power      Damage    Failure   Level
 Blink                    Tloc           0%         N/A       86%         2
 Lesser Beckoning         Tloc           0%         N/A       86%         2
 Momentum Strike          Conj/Tloc      0%         3d8       86%         2


Dungeon Overview and Level Annotations

Branches:
Dungeon (7/15)             Temple (1/1) D:6         Ossuary (visited)

Altars:
Ashenzari
Cheibriados
Dithmenos
Fedhas
Gozag
Makhleb
Nemelex Xobeh
Okawaru
Qazlal
Ru
Sif Muna
Trog
Uskayaw
Vehumet
Wu Jian
Xom

Shops:
D:6 (   D:7 (


Innate Abilities, Weirdness & Mutations

You are mostly covered in rugged brown scales. (AC +2, +5% HP)
You may rarely emit foul miasma when damaged in melee.


Message History

You slash something! Trog accepts your kill.
Trog appreciates your killing of a magic user.
Reactivating autopickup.
You feel a bit more experienced.
You swing at nothing.
An orc comes into view.
It is wielding a +0 dagger and carrying a wand of acid.
The orc shouts!
The orc zaps a wand.
The bolt of acid hits you. The acid corrodes you!
You take 2 damage, and have 61/66 hp.
The orc zaps a wand.
The bolt of acid hits you!
You take 13 damage, and have 48/66 hp.
You now have 5/9 mp.
You hit the orc but do no damage. You hit the orc.
The orc is lightly wounded.
The orc hits you with a +0 dagger.
You take 2 damage, and have 46/66 hp.
You completely miss the orc.
The orc is lightly wounded.
The orc zaps a wand.
The bolt of acid hits you! The acid corrodes you!
You take 13 damage, and have 33/66 hp.
You now have 4/9 mp.
You barely miss the orc.
The orc is lightly wounded.
The orc zaps a wand.
The bolt of acid hits you!
* * * LOW HITPOINT WARNING * * *
You take 15 damage, and have 18/66 hp.
MASSIVE DAMAGE!!
You now have 3/9 mp.
You closely miss the orc.
The orc is lightly wounded.
The orc hits you with a +0 dagger.
You now have 2/9 mp.
You closely miss the orc.
The orc is lightly wounded.
The orc zaps a wand.
The bolt of acid hits you!
* * * LOW HITPOINT WARNING * * *
The acid corrodes you!
You take 9 damage, and have 9/66 hp.
You now have 1/9 mp.
A red film seems to cover your vision as you go berserk!
You feel yourself moving faster!
You feel mighty!
The orc zaps a wand.
The bolt of acid hits you!
You die...

#........# #...)....#
#........### #....)))...#
#### ###########.)...## #...
..........#......# ##...
..........#......## #....
..................# #....
...........@......# #....
...........o......######.(..
###^####.....<....'.........
. #..........#######...
#..............# #...
#..............# ####
#.#............# # ...
#.#............# # ...
#.........######


You could see an orc.

Vanquished Creatures
  A wraith (Ossuary)
  Menkaure (D:7)
  A water moccasin (D:6)
  3 sky beasts
  3 ice beasts
  4 ogres
  3 centaurs
  6 phantoms
  A kobold brigand (D:6)
  5 scorpions
  2 howler monkeys (D:6)
  A jelly (D:5)
  2 orc priests
  2 gnoll boudas
  2 hounds
  Jessica (D:2)
  A sleepcap (D:7)
  Natasha (D:2)
  Terence (D:2)
  An iguana (D:2)
  4 orc wizards
  A mummy (Ossuary)
  6 gnolls
  11 adders
  2 white imps
  2 ufetubi (D:5)
  A worm (D:4)
  2 dart slugs
  16 orcs
  5 ball pythons
  7 endoplasms
  6 giant cockroaches
  5 goblins
  6 hobgoblins
  4 jackals (D:3)
  2 quokkas
  3 bats
  2 frilled lizards
  7 gnoll skeletons (Ossuary)
  10 kobolds
  7 kobold skeletons (Ossuary)
  11 orc skeletons (Ossuary)
  An orc zombie (D:5)
  7 rats
170 creatures vanquished.

Notes
Turn   | Place    | Note
-------+----------+-------------------------------------------
     0 | D:1      | Dirtsage the Demonspawn Berserker began the quest for the
                  | Orb.
     0 | D:1      | Reached XP level 1. HP: 18/18 MP: 1/1
   240 | D:1      | Reached skill level 3 in Axes
   307 | D:1      | Gained mutation: You are partially covered in rugged brown
                  | scales. (AC +1, +3% HP) [demonic ancestry]
   307 | D:1      | Reached XP level 2. HP: 18/24 MP: 2/2
   413 | D:1      | Found a faded altar of an unknown god.
   795 | D:2      | Noticed Terence
   806 | D:2      | Killed Terence
   807 | D:2      | Reached skill level 4 in Axes
   807 | D:2      | Reached XP level 3. HP: 5/29 MP: 3/3
   975 | D:2      | Reached XP level 4. HP: 15/36 MP: 4/4
  1495 | D:2      | Noticed Jessica
  1506 | D:2      | Killed Jessica
  1506 | D:2      | Reached ** piety under Trog
  1545 | D:2      | Noticed Natasha
  1555 | D:2      | Killed Natasha
  1556 | D:2      | Reached skill level 5 in Axes
  1917 | D:3      | Reached XP level 5. HP: 42/42 MP: 5/5
  2639 | D:4      | Reached skill level 6 in Axes
  2645 | D:4      | Gained mutation: You are mostly covered in rugged brown
                  | scales. (AC +2, +5% HP) [demonic ancestry]
  2645 | D:4      | Reached XP level 6. HP: 39/49 MP: 2/6
  3210 | D:4      | Reached *** piety under Trog
  3268 | D:4      | Reached skill level 7 in Axes
  3615 | D:5      | Entered Level 5 of the Dungeon
  3620 | D:5      | Reached XP level 7. HP: 54/54 MP: 7/7
  3726 | D:5      | Reached skill level 8 in Axes
  3754 | D:5      | Found a sand-covered staircase.
  3793 | Ossuary  | Entered an ossuary
  3793 | Ossuary  | Noticed a wraith
  3793 | Ossuary  | Noticed a wraith
  3793 | Ossuary  | Noticed a wraith
  3886 | Ossuary  | Noticed a wraith
  3921 | Ossuary  | Killed a wraith
  3922 | Ossuary  | Reached skill level 9 in Axes
  3922 | Ossuary  | Gained mutation: You may rarely emit foul miasma when
                  | damaged in melee. [demonic ancestry]
  3922 | Ossuary  | Reached XP level 8. HP: 43/60 MP: 6/8
  4047 | Ossuary  | Reached **** piety under Trog
  4655 | D:6      | Reached skill level 10 in Axes
  4907 | D:6      | Reached skill level 11 in Axes
  4956 | D:6      | Reached XP level 9. HP: 40/66 MP: 6/9
  5405 | D:6      | Found an iron altar of Okawaru.
  5494 | D:6      | Found Vuip's Weapon Shoppe.
  5753 | D:6      | Found a staircase to the Ecumenical Temple.
  5763 | Temple   | Entered the Ecumenical Temple
  5801 | D:7      | Found Mese's Weapon Emporium.
  6003 | D:7      | Noticed Menkaure
  6005 | D:7      | Reached skill level 12 in Axes
  6010 | D:7      | Killed Menkaure
  6093 | D:7      | Killed from afar by an orc

Illustrated notes

Levels and vault maps discovered:
D:1:      saegor_arrival_simple_c, layout_basic,
          dreamdust_ecumenical_altar_grove, nicolae_twisty_statue_hallways
D:2:      layout_basic, uniq_jessica, uniq_terence, uniq_natasha
D:3:      layout_basic, hangedman_abyss_or_decor_lesser_grid,
          chequers_serial_rivers_large_a
D:4:      layout_basic, st_stairs_13, nicolae_grassy_gnolls
D:5:      layout_basic, enter_ossuary_3
D:6:      layout_loops_ring, mainiacjoe_overflow_tiny_flanked,
          minmay_temple_entry_fiery, serial_shops,
          nicolae_shop_getting_attention, minmay_chambers_of_fives
D:7:      layout_basic, lemuel_tele_altar, serial_shops,
          nicolae_shop_bloodbath_and_beyond, wad_rectangle_vault, uniq_menkaure,
          uniq_duvessa
Temple:   dpeg_three_leaves_temple

Skill      XL: |  1  2  3  4  5  6  7  8  9 |
---------------+----------------------------+-----
Axes           | 3 4 5 6 7 9 11 12 | 12.6
Fighting       | |  3.0
Armour         | |  1.7
Dodging        | |  1.7

Action                     |  1- 3 |  4- 6 |  7- 9 || total
---------------------------+-------+-------+-------++-------
  Melee: Hand axe          |    73 |     6 |       ||    79
         Punch             |     2 |       |     5 ||     7
         War axe           |       |   165 |   312 ||   477
 Invoke: Berserk           |     2 |     4 |     4 ||    10
 Armour: Scale mail        |    42 |   134 |   248 ||   424
         Animal skin       |     4 |       |       ||     4
  Dodge: Dodged            |    52 |   111 |   170 ||   333
         Repelled          |       |       |     1 ||     1

Table legend: (Time is in decaauts)
 A = Elapsed time spent in this place.
 B = Non-inter-level travel time spent in this place.
 C = Inter-level travel time spent in this place.
 D = Time resting spent in this place.
 E = Time spent auto-exploring this place.
 F = Levels seen in this place.
 G = Mean time per level.
                   A        B        C        D        E       F      G
               +--------+--------+--------+--------+--------+-----+--------+
         Total |   6253 |   6034 |    219 |    202 |   4788 |   9 |  694.8 |
       Dungeon |   5953 |   5734 |    219 |    202 |   4575 |   7 |  850.4 |
        Temple |      1 |      1 |      0 |      0 |      0 |   1 |    1.0 |
       Ossuary |    298 |    298 |      0 |      0 |    213 |   1 |  298.0 |
               +--------+--------+--------+--------+--------+-----+--------+

Top non-repeatable levels by time:
     D:2: 1248 daAuts
     D:6: 1148 daAuts
     D:4: 1110 daAuts
     D:5: 776 daAuts
     D:1: 721 daAuts
     D:3: 651 daAuts
 Ossuary: 298 daAuts
     D:7: 296 daAuts
  Temple: 1 daAuts
